 Dungeon Crawl Stone Soup version 0.25-a0-558-g78a2afb0af (webtiles) character file.

Game seed: 11968925369455409561, levelgen mode: deterministic

6723 MrRokkomies the Archer (level 10, -17/93 HPs)
             Began as a Centaur Hunter on Feb 25, 2020.
             Was a Priest of Fedhas.
             Killed by refrigeration
             ... invoked by Fannar
              (27 damage)
             ... on level 10 of the Dungeon.
             The game lasted 00:18:54 (9975 turns).

MrRokkomies the Archer (Centaur Hunter)             Turns: 9975, Time: 00:18:55

Health: -17/93     AC: 13    Str: 16    XL:     10   Next: 74%
Magic:  14/14      EV:  5    Int: 11    God:    Fedhas [***...]
Gold:   739        SH:  0    Dex: 11    Spells: 9/9 levels left

rFire    . . .     SeeInvis +   b - +3 spear (freeze)
rCold    . . .     Gourm    .   (no shield)
rNeg     . . .     Faith    .   r - +0 chain mail
rPois    .         Spirit   .   p - +2 helmet
rElec    +         Reflect  .   g - +0 cloak
rCorr    .         Harm     .   (no gloves)
MR       +....                  (no barding)
Stlth    ..........             A - amulet of magic regeneration
HPRegen  0.25/turn              x - ring "Okyqyduz" {Wiz *Slow rElec MR+ SInv}
MPRegen  0.39/turn              (no ring)

@: slowed
A: large, hooves 3, deformed body, speed 2, tough skin 3
a: Wall of Briars, Grow Ballistomycete, Renounce Religion


You were on level 10 of the Dungeon.
You worshipped Fedhas.
Fedhas was most pleased with you.
You were hungry.

You visited 1 branch of the dungeon, and saw 10 of its levels.

You collected 739 gold pieces.

Inventory:

Hand Weapons
 a - a +2 shortbow of flaming
 b - a +3 spear of freezing (weapon)
 E - a +2 long sword of holy wrath
Missiles
 h - 13 poisoned darts (quivered)
 F - a throwing net
Armour
 g - a +0 cloak (worn)
 p - a +2 helmet (worn)
 r - a +0 chain mail (worn)
 C - a +1 ring mail of magic resistance
Jewellery
 x - the ring "Okyqyduz" (left hand) {Wiz *Slow rElec MR+ SInv}
   (You found it on level 5 of the Dungeon)

   [ring of wizardry]

   It improves your spell success rate.
   It insulates you from electricity.
   It affects your resistance to hostile enchantments.
   It lets you see invisible.
   It may slow you when you take damage.
 y - a +2 ring of protection {unknown}
 A - an amulet of magic regeneration (around neck)
Wands
 G - a wand of iceblast (11)
 H - a wand of flame (11)
Scrolls
 c - 4 scrolls of teleportation
 e - 3 scrolls of blinking
 k - 7 scrolls of remove curse
 m - 3 scrolls of amnesia
 n - 2 scrolls of fear
 o - 6 scrolls of identify
 w - 6 scrolls of enchant armour
 B - a scroll of fog
Potions
 i - a potion of resistance
 j - 2 potions of mutation
 l - 6 potions of brilliance
 q - a potion of magic
 s - 3 potions of heal wounds
 t - 4 potions of lignification
 u - 5 potions of curing
 v - 2 potions of stabbing {unknown}
 z - a potion of flight {unknown}
 D - 2 potions of berserk rage {unknown}
Comestibles
 f - 23 rations


   Skills:
 * Level 10.0 Fighting
 * Level 13.3 Bows
 + Level 4.8 Armour
 - Level 1.3 Dodging
 - Level 0.4 Stealth
 + Level 6.5 Invocations


You had 9 spell levels left.
You didn't know any spells.
Your spell library was empty.

Dungeon Overview and Level Annotations

Branches:
Dungeon (10/15)            Temple (0/1) D:7            Lair (0/6) D:10
    Orc (0/2) D:10

Altars:
Ashenzari
Dithmenos
Fedhas
Hepliaklqana
Kikubaaqudgha
Makhleb
Nemelex Xobeh
Okawaru
Qazlal
Ru
Trog
Yredelemnul

Shops:
D:5 !

Annotations:
D:7 Joseph
D:10 Fannar


Innate Abilities, Weirdness & Mutations

You have hooves in place of feet.
Armour fits poorly on your strangely shaped body.
You cover ground very quickly.
You have extremely tough skin. (AC +3)


Message History

You closely miss Fannar.
Fannar is almost dead.
Fannar mumbles some strange words.
Fannar drains the heat from the surrounding environment!
You feel very cold.
* * * LOW HITPOINT WARNING * * *
You feel yourself slow down.
Fannar is frozen.
Fannar resists.
The ice beast hits you but does no damage.
Fannar barely misses you.
You barely miss Fannar. You kick Fannar, but do no damage.
Fannar is almost dead.
The ice beast hits you.
* * * LOW HITPOINT WARNING * * *
The ice beast freezes you!
* * * LOW HITPOINT WARNING * * *
Fannar gestures wildly while chanting.
Fannar drains the heat from the surrounding environment!
You feel very cold.
You die...
Fedhas appreciates your contribution to the ecosystem.

####...(...(# ###
#.....#......#
#>##...).(.(.(...##
..#...........(...#
#.#...............#
#.#............(..#
#..............e((#
...............Y@.#
..#...............#
.##..............##
..........#.....##
.............####
....)........#
..#..........#
..#..........#
#.#..........#


You could see Fannar and an ice beast.

Vanquished Creatures
  Josephine (D:10)
  Harold (D:9)
  2 unseen horrors
  Sigmund (D:3)
  A wraith (D:10)
  Eustachio (D:6)
  Duvessa (D:7)
  3 ice beasts
  3 black bears
  3 orc warriors
  5 ogres
  2 sky beasts
  2 centaurs
  A big kobold (D:9)
  A bullfrog (D:9)
  2 gnoll sergeants
  A wyvern skeleton (D:10)
  3 scorpions
  Dowan (D:7)
  5 howler monkeys
  A bullfrog zombie (D:5)
  4 crimson imps
  2 hounds (D:8)
  4 orc priests
  4 jellies
  5 orc wizards
  4 bullfrog skeletons
  2 centaur skeletons
  4 iguanas
  4 worker ants
  A hound zombie (D:5)
  9 gnolls
  12 adders
  6 shadow imps
  3 oozes
  2 adder skeletons
  3 worms
  2 leopard geckos
  22 orcs
  2 ball pythons (D:1)
  6 giant cockroaches
  6 goblins
  7 hobgoblins
  4 jackals (D:6)
  2 quokkas
  13 bats
  3 frilled lizards
  16 kobolds
  A leopard gecko skeleton (D:8)
  A quokka zombie (D:5)
  6 rats
201 creatures vanquished.

Notes
Turn   | Place    | Note
-------+----------+-------------------------------------------
     0 | D:1      | MrRokkomies the Centaur Hunter began the quest for the Orb.
     0 | D:1      | Reached XP level 1. HP: 17/17 MP: 1/1
   113 | D:1      | Reached XP level 2. HP: 25/25 MP: 2/2
   959 | D:2      | Reached skill level 6 in Bows
   959 | D:2      | Reached XP level 3. HP: 30/30 MP: 3/3
  1185 | D:2      | Reached XP level 4. HP: 37/38 MP: 4/4
  2115 | D:3      | Noticed Sigmund
  2165 | D:3      | Killed Sigmund
  2165 | D:3      | Reached skill level 7 in Bows
  2165 | D:3      | Reached skill level 1 in Armour
  2165 | D:3      | Reached XP level 5. HP: 47/47 MP: 5/5
  2165 | D:3      | Reached XP level 6. HP: 53/53 MP: 6/6
  2227 | D:3      | Found an iron altar of Okawaru.
  2228 | D:3      | Found a stormy altar of Qazlal.
  2230 | D:3      | Found a blossoming altar of Fedhas.
  2232 | D:3      | Found a shadowy altar of Dithmenos.
  2233 | D:3      | Found a sacrificial altar of Ru.
  2238 | D:3      | Became a worshipper of Fedhas Madash
  3269 | D:4      | Found a basalt altar of Yredelemnul.
  3306 | D:4      | Reached skill level 8 in Bows
  3306 | D:4      | Reached skill level 1 in Invocations
  3361 | D:4      | Found a sparkling altar of Nemelex Xobeh.
  3445 | D:4      | Reached skill level 5 in Fighting
  3883 | D:5      | Entered Level 5 of the Dungeon
  4019 | D:5      | Reached XP level 7. HP: 54/61 MP: 6/8
  4086 | D:5      | Reached * piety under Fedhas
  4457 | D:5      | Found a sparkling altar of Nemelex Xobeh.
  4581 | D:5      | Got a faintly glowing wooden ring
  4582 | D:5      | Identified the ring "Okyqyduz" {Wiz *Slow rElec MR+ SInv}
                  | (You found it on level 5 of the Dungeon)
  4616 | D:5      | Found Eppakioj's Distillery.
  4671 | D:5      | Found a shattered altar of Ashenzari.
  4671 | D:5      | Found a hazy altar of Hepliaklqana.
  5058 | D:6      | Noticed Eustachio
  5104 | D:6      | Killed Eustachio
  5104 | D:6      | Reached skill level 9 in Bows
  5231 | D:6      | Reached XP level 8. HP: 65/70 MP: 8/10
  5402 | D:6      | Found a sparkling altar of Nemelex Xobeh.
  5882 | D:7      | Reached skill level 10 in Bows
  5929 | D:7      | Reached ** piety under Fedhas
  6030 | D:7      | Found a staircase to the Ecumenical Temple.
  6128 | D:7      | Found a bloodstained altar of Trog.
  6351 | D:7      | Noticed Joseph
  6356 | D:7      | Noticed Duvessa
  6744 | D:8      | Reached XP level 9. HP: 60/79 MP: 12/12
  6820 | D:8      | Found a bloodstained altar of Trog.
  7004 | D:8      | Found a burning altar of Makhleb.
  7228 | D:7      | Noticed Dowan
  7233 | D:7      | Killed Dowan
  7285 | D:7      | Killed Duvessa
  7373 | D:9      | Reached skill level 11 in Bows
  7728 | D:9      | Reached skill level 5 in Invocations
  7795 | D:9      | Found an ancient bone altar of Kikubaaqudgha.
  7802 | D:9      | Reached *** piety under Fedhas
  7825 | D:9      | Noticed Harold
  8261 | D:9      | Killed Harold
  8261 | D:9      | Reached skill level 12 in Bows
  8521 | D:10     | Entered Level 10 of the Dungeon
  8526 | D:10     | Noticed an unseen horror
  8559 | D:9      | Killed an unseen horror
  8559 | D:9      | Reached XP level 10. HP: 56/91 MP: 14/14
  9638 | D:10     | Noticed Josephine
  9650 | D:10     | Killed Josephine
  9650 | D:10     | Reached skill level 13 in Bows
  9662 | D:10     | Found a staircase to the Orcish Mines.
  9680 | D:10     | Noticed an unseen horror
  9879 | D:10     | Killed an unseen horror
  9879 | D:10     | Reached skill level 10 in Fighting
  9895 | D:10     | Found a staircase to the Lair.
  9940 | D:10     | Noticed Fannar
  9975 | D:10     | Killed from afar by Fannar

Levels and vault maps discovered:
D:1:      lemuel_arrival_behind_the_door_small, layout_loops_cross,
          corexii_hall_statues_i, st_stairs_4, minmay_tree_intersection
D:2:      layout_basic, first_ration, minmay_hexomino_p4
D:3:      layout_basic, grunt_temple_overflow_open, uniq_sigmund
D:4:      layout_loops_ring, marbit_many_paths, kennysheep_mini_moat
D:5:      layout_cave_pools, gammafunk_temple_overflow_elements, serial_shops,
          nicolae_shop_temple_entry_statues_fountains,
          nemelex_lonely_heart_becter
D:6:      layout_rooms, basic_altar, uniq_eustachio
D:7:      layout_basic, temple_pool_b, trog_three_pillars_becter, uniq_joseph,
          uniq_duvessa
D:8:      layout_basic, makhleb_grotto_becter, lemuel_doored_altar
D:9:      layout_big_octagon, kiku_gazebo_pond_becter, grunt_ogre_cave,
          grunt_ministairs_2, kennysheep_small_circle, uniq_harold
D:10:     layout_rooms, lair_entry_dummy, orc_0_dummy, minmay_liquid_box,
          nicolae_two_hexagons, st_stairs_7, uniq_josephine, uniq_fannar

Skill      XL: |  1  2  3  4  5  6  7  8  9 10 |
---------------+-------------------------------+-----
Bows           | 6 7 8 9 10 12 13 | 13.3
Fighting       | 3 4 5 6 7 9 10 | 10.0
Armour         | 1 2 3 4 |  4.8
Invocations    | 1 2 4 5 6 |  6.5
Dodging        | |  1.3
Stealth        | |  0.4

Action                   |  1- 3 |  4- 6 |  7- 9 | 10-12 || total
-------------------------+-------+-------+-------+-------++-------
Melee: Short sword       |    35 |   167 |   103 |       ||   305
       Kick              |     5 |    26 |    20 |    13 ||    64
       Long sword        |       |       |     2 |       ||     2
       Spear             |       |       |       |    42 ||    42
 Fire: Shortbow          |    56 |    48 |   424 |   135 ||   663
Throw: Dart              |       |    22 |    15 |    20 ||    57
  Use: Scroll            |       |    13 |     7 |     1 ||    21
       Potion            |       |     2 |     1 |       ||     3
  Eat: Chunk             |       |     6 |    10 |     3 ||    19
       Ration            |       |       |     1 |       ||     1
Armor: Scale mail        |    30 |    36 |       |       ||    66
       Chain mail        |       |   109 |   210 |    88 ||   407
       Skin              |       |     2 |       |       ||     2
Dodge: Dodged            |    24 |    40 |    64 |    41 ||   169

Table legend:
 A = Non-vault XP
 B = Vault XP
 C = Vault XP percentage of total XP
 D = Non-vault monster count
 E = Vault monster count
 F = Vault count percentage of total count
                 A         B        C        D         E       F
            +---------+---------+-------+---------+---------+-------
      Total |    6284 |    3321 |  34.6 |     184 |      17 |   8.5
            +---------+---------+-------+---------+---------+-------
        D:1 |      28 |       5 |  15.2 |      18 |       3 |  14.3
        D:2 |      77 |       5 |   6.1 |      20 |       3 |  13.0
        D:3 |      80 |     223 |  73.6 |      23 |       1 |   4.2
        D:4 |     254 |       0 |   0.0 |       7 |       0 |   0.0
        D:5 |     418 |       0 |   0.0 |      13 |       0 |   0.0
        D:6 |     726 |     208 |  22.3 |      15 |       1 |   6.2
        D:7 |     428 |     214 |  33.3 |      15 |       2 |  11.8
        D:8 |     665 |      48 |   6.7 |      16 |       1 |   5.9
        D:9 |    1904 |    1329 |  41.1 |      32 |       4 |  11.1
       D:10 |    1704 |    1289 |  43.1 |      25 |       2 |   7.4
            +---------+---------+-------+---------+---------+-------
